 Dungeon Crawl Stone Soup version 0.29-a0-384-g6960b1960d (webtiles) character file.

Game seed: 12638945983615234344

98 swappor the Chopper (level 4, 0/58 HPs)
             Began as a Minotaur Berserker on May 7, 2022.
             Was a Believer of Trog.
             Slain by a quasit (2 damage)
             ... on level 3 of the Dungeon.
             The game lasted 00:06:32 (2829 turns).

swappor the Chopper (Minotaur Berserker)            Turns: 2829, Time: 00:06:33

Health: 0/58       AC:  4    Str: 22    XL:     4   Next: 44%
Magic:  3/3        EV:  2    Int:  6    God:    Trog [**....]
Gold:   112        SH:  0    Dex: -6 (9) Spells: 3/3 levels left

rFire   . . .      SeeInvis .   a - +0 hand axe
rCold   . . .      Faith    .   (no shield)
rNeg    . . .      Spirit   .   s - +0 leather armour
rPois   .          Reflect  .   (helmet restricted)
rElec   .          Harm     .   (no cloak)
rCorr   .          Rampage  .   c - +0 pair of gloves
Will    +....                   (no boots)
Stlth   ..........              (no amulet)
HPRegen 0.19/turn               W - ring of willpower
MPRegen 0.08/turn               (no ring)

@: berserking, slowed, lost dexterity
A: horns 2, retaliatory headbutt
a: Renounce Religion, Berserk, Trog's Hand


You were on level 3 of the Dungeon.
You worshipped Trog.
Trog was pleased with you.
You visited 1 branch of the dungeon, and saw 3 of its levels.

You collected 112 gold pieces.

Inventory:

Hand Weapons
 a - a +0 hand axe (weapon)
 b - a +0 hunting sling
   (You found it on level 2 of the Dungeon)
Missiles
 v - 5 poisoned darts
Armour
 c - a +0 pair of gloves (worn)
   (You found it on level 1 of the Dungeon)
 s - a +0 leather armour (worn)
   (You found it on level 2 of the Dungeon)
Jewellery
 W - a ring of willpower (left hand)
   (You found it on level 2 of the Dungeon)
Wands
 h - a wand of acid (5)
   (You took it off Ijyb on level 3 of the Dungeon)
Scrolls
 g - a scroll of immolation {unknown}
 i - 2 scrolls of blinking {unknown}
 j - a scroll of poison {unknown}
 k - 2 scrolls of enchant armour {unknown}
 l - a scroll of amnesia {unknown}
 m - 5 scrolls of identify {unknown}
 o - a scroll of vulnerability {unknown}
 p - a scroll of noise {unknown}
 q - a scroll of fog {unknown}
 r - 3 scrolls of teleportation {unknown}
 t - a scroll of fear {unknown}
Potions
 d - a potion of mutation {unknown}
 e - a potion of attraction {unknown}
 f - 2 potions of curing {unknown}
 n - a potion of magic {unknown}
 u - a potion of brilliance {unknown}


   Skills:
 - Level 3.6 Fighting
 + Level 6.4 Axes
 - Level 2.4 Armour
 - Level 2.1 Dodging


You had 3 spell levels left.
You didn't know any spells.
Your spell library was empty.

Dungeon Overview and Level Annotations

Branches:
Dungeon (3/15)

Altars:
Okawaru
Wu Jian

Annotations:
D:3 spaghetti's ghost, amateur GnWn


Innate Abilities, Weirdness & Mutations

You have a pair of horns on your head.
You reflexively headbutt those who attack you in melee.


Message History

The quasit claws you.
You feel clumsy.
The quasit bites you but does no damage.
The quasit claws you but does no damage.
The quasit misses you.
The quasit bites you but does no damage.
The quasit claws you.
You feel clumsy. The quasit barely misses you.
You take 7 damage, and have 20/39 hp.
You barely miss the quasit. Your headbutt misses the quasit.
You miss the quasit. You hit the quasit but do no damage.
The quasit bites you but does no damage.
The quasit claws you. The quasit closely misses you. The quasit bites you.
The quasit misses you. The quasit completely misses you.
The quasit bites you but does no damage.
The quasit claws you but does no damage. x2
The quasit bites you.
You feel clumsy. The quasit claws you.
You feel clumsy.
The quasit claws you but does no damage.
The quasit bites you.
You feel clumsy.
You have lost your dexterity.
The quasit claws you but does no damage.
The quasit barely misses you.
The quasit bites you but does no damage.
The quasit claws you but does no damage. x2
The quasit barely misses you.
The quasit claws you but does no damage. x2
The quasit bites you.
* * * LOW HITPOINT WARNING * * *
The quasit claws you but does no damage. x2
The quasit bites you but does no damage.
The quasit claws you but does no damage. x2
The quasit bites you but does no damage.
The quasit claws you but does no damage. x2
The quasit bites you.
* * * LOW HITPOINT WARNING * * *
The quasit claws you but does no damage. x2
You can move again.
You take 10 damage, and have 10/39 hp.
MASSIVE DAMAGE!!
A red film seems to cover your vision as you go berserk!
You feel yourself moving faster!
You feel mighty!
The quasit bites you but does no damage.
The quasit claws you but does no damage. x2
The quasit bites you but does no damage.
The quasit claws you but does no damage.
The quasit claws you.
* * * LOW HITPOINT WARNING * * *
You feel clumsy.
The quasit bites you but does no damage.
The quasit claws you but does no damage. x2
The quasit bites you.
* * * LOW HITPOINT WARNING * * *
The quasit claws you but does no damage. x2
The quasit bites you but does no damage.
The quasit claws you but does no damage. x2
The quasit bites you.
* * * LOW HITPOINT WARNING * * *
You feel clumsy.
The quasit claws you but does no damage. x2
You now have 8/58 hp.
You miss the quasit. x2; You hit the quasit but do no damage.
The quasit bites you but does no damage.
The quasit claws you but does no damage. x2
The quasit bites you but does no damage.
The quasit claws you but does no damage.
The quasit barely misses you.
The quasit bites you but does no damage.
The quasit claws you.
* * * LOW HITPOINT WARNING * * *
You feel clumsy.
The quasit claws you but does no damage.
The quasit bites you but does no damage.
The quasit claws you.
* * * LOW HITPOINT WARNING * * *
You feel clumsy.
The quasit claws you but does no damage.
The quasit bites you but does no damage.
The quasit claws you but does no damage. x2
The quasit bites you but does no damage.
The quasit claws you but does no damage.
The quasit claws you.
* * * LOW HITPOINT WARNING * * *
You feel clumsy.
You take 4 damage, and have 4/58 hp.
You miss the quasit. You slash the quasit! You closely miss the quasit.
The quasit bites you but does no damage.
The quasit barely misses you.
The quasit claws you but does no damage.
The quasit bites you but does no damage.
The quasit claws you but does no damage.
The quasit claws you.
* * * LOW HITPOINT WARNING * * *
You feel clumsy. The quasit bites you.
You die...

.##.##.......# #.......#
....##......## #.......#
.#####..#.#.# ##.....##
..........#.### ##...###########
.###.##.......# ##.#####.......#
.....##.....#.###......#.#####.#
####...............###.#.#####.#
#.##........555...#.#.##...>##
#........####@###....<...#....
#######.#####..###.##..#.#####.##
..# #..#....#......##)#.......#
#.# #.##...#...#.W..#.#########
#.# #.#......#..##..#.##### #.#
#.#..##..©..#..©#.....# #.#
#.#.....#.....#.##.##.######
#.####.##.##..=###....#.##......#
..##<...# ...$$..#..##.##......#


You could see 3 quasits.

Vanquished Creatures
  Ijyb (D:3)
  2 adders
  A worm (D:2)
  7 ball pythons
  5 endoplasms
  2 giant cockroaches
  7 goblins
  4 hobgoblins
  3 quokkas
  5 bats
  4 frilled lizards
  6 kobolds
  4 rats
51 creatures vanquished.

Notes
Turn   | Place    | Note
-------+----------+-------------------------------------------
     0 | D:1      | swappor the Minotaur Berserker began the quest for the Orb.
     0 | D:1      | Reached XP level 1. HP: 19/19 MP: 0/0
   334 | D:1      | Reached skill level 4 in Axes
   430 | D:1      | Reached XP level 2. HP: 26/26 MP: 1/1
   450 | D:1      | Found a faded altar of an unknown god.
   933 | D:2      | Reached skill level 5 in Axes
   933 | D:2      | Reached XP level 3. HP: 29/31 MP: 2/2
  1372 | D:2      | Reached ** piety under Trog
  2016 | D:3      | Found an iron altar of Okawaru.
  2062 | D:3      | Found an ornate altar of the Wu Jian Council.
  2178 | D:3      | Reached skill level 6 in Axes
  2178 | D:3      | Reached XP level 4. HP: 36/39 MP: 3/3
  2225 | D:3      | Found a transporter.
  2229 | D:3      | Noticed spaghetti's ghost (amateur GnWn)
  2252 | D:3      | Found a transporter.
  2288 | D:3      | Noticed Ijyb
  2300 | D:3      | Killed Ijyb
  2824 | D:3      | Lost dexterity.
  2827 | D:3      | HP: 14/58 [quasit (1)]
  2828 | D:3      | HP: 6/58 [quasit (1)]
  2829 | D:3      | HP: 2/58 [quasit (2)]
  2829 | D:3      | Slain by a quasit

Illustrated notes

Levels and vault maps discovered:
D:1:      saegor_arrival_fortress, layout_basic,
          shapermc_ecumenical_altar_mp_vishouse, minmay_tetromino_s4
D:2:      layout_basic, minmay_pentomino_pile
D:3:      layout_loops_cross, mainiacjoe_overflow_large_starburst,
          gammafunk_ghost_stat_death, uniq_ijyb

Skill      XL: |  1  2  3 |
---------------+----------+-----
Axes           | 4 5 6 |  6.4
Fighting       | |  3.6
Armour         | |  2.4
Dodging        | |  2.1

Action                   |  1- 3 |  4- 6 || total
-------------------------+-------+-------++-------
Melee: Hand axe          |    87 |    18 ||   105
       Headbutt          |    12 |     1 ||    13
 Fire: Hunting sling     |    34 |     3 ||    37
Invok: Berserk           |       |     1 ||     1
Armor: Animal skin       |    17 |       ||    17
       Leather armour    |     1 |    78 ||    79
Dodge: Dodged            |    54 |    32 ||    86

Table legend: (Time is in decaauts)
 A = Elapsed time spent in this place.
 B = Non-inter-level travel time spent in this place.
 C = Inter-level travel time spent in this place.
 D = Time resting spent in this place.
 E = Time spent auto-exploring this place.
 F = Levels seen in this place.
 G = Mean time per level.
                   A        B        C        D        E       F      G
               +--------+--------+--------+--------+--------+-----+--------+
         Total |   2836 |   2768 |     68 |      0 |   2282 |   3 |  945.3 |
       Dungeon |   2836 |   2768 |     68 |      0 |   2282 |   3 |  945.3 |
               +--------+--------+--------+--------+--------+-----+--------+

Top non-repeatable levels by time:
     D:2: 1129 daAuts
     D:1: 890 daAuts
     D:3: 817 daAuts

Table legend:
 A = Kills in this place as a percentage of kills in entire the game.
 B = Kills by you in this place as a percentage of kills by you in the entire game.
 C = Kills by friends in this place as a percentage of kills by friends in the entire game.
 D = Other kills in this place as a percentage of other kills in the entire game.
 E = Experience gained in this place as a percentage of experience gained in the entire game.
 F = Experience gained in this place divided by the number of levels of this place that you have seen.
                   A       B       C       D       E      F
               +-------+-------+-------+-------+-------+----------------------
         Total | 100.0 | 100.0 |   N/A |   N/A | 100.0 |  47.0
       Dungeon | 100.0 | 100.0 |   N/A |   N/A | 100.0 |  47.0
               +-------+-------+-------+-------+-------+----------------------
